 Dungeon Crawl Stone Soup version 0.30-b1-2-g02819fbbbe (webtiles) character file.

Game seed: 8494306841726649464

4 hadoken the Conjurer (level 1, -1/15 HPs)
             Began as a Naga Conjurer on May 20, 2023.
             Slain by a rat (3 damage)
             ... on level 1 of the Dungeon.
             The game lasted 00:00:38 (146 turns).

hadoken the Conjurer (Naga Conjurer)                 Turns: 146, Time: 00:00:39

Health: -1/15      AC:  1    Str:  9    XL:     1   Next: 60%
Magic:  2/3        EV:  9    Int: 18    God:
Gold:   20         SH:  0    Dex:  9    Spells: 3/4 levels left

rFire   . . .        c - +0 short sword
rCold   . . .        (no shield)
rNeg    . . .        a - +0 robe
rPois   +            (no helmet)
rElec   .            (no cloak)
rCorr   .            (no gloves)
SInv    +            (no barding)
Will    .....        (no amulet)
Stlth   ++           (no ring)
HPRegen 0.22/turn    (no ring)
MPRegen 0.08/turn

%: no passive effects
@: very slow
A: AC +0, large, see invisible, deformed body, poison resistance, slowness 2,
spit poison 1, naga tail 1
a: Spit Poison


You were on level 1 of the Dungeon.
You visited 1 branch of the dungeon, and saw 1 of its levels.

You collected 20 gold pieces.

Inventory:

Hand Weapons
 c - a +0 short sword (weapon)
Armour
 a - a +0 robe (worn)
Potions
 b - a potion of magic


   Skills:
 + Level 0.0 Fighting
 - Level 1.5 Dodging
 + Level 3.0 Stealth
 + Level 2.0 Spellcasting
 * Level 4.1 Conjurations


You had 3 spell levels left.
You knew the following spells:

 Your Spells              Type           Power      Damage    Failure   Level
a - Magic Dart            Conj           64%        1d6       3%          1

Your spell library contained the following spells:

 Spells                   Type           Power      Damage    Failure   Level
 Searing Ray              Conj           32%        2d5       4%          2
 Dazzling Flash           Conj/Hex       18%        N/A       22%         3
 Fulminant Prism          Conj/Hex       4%         3d5       58%         4
 Iskenderun's Mystic Bla  Conj/Tloc      9%         2d4       58%         4


Dungeon Overview and Level Annotations

Branches:
Dungeon (1/15)

Altars:


Innate Abilities, Weirdness & Mutations

Your serpentine skin is tough. (AC +0)
You have supernaturally acute eyesight. (SInv)
Armour fits poorly on your strangely shaped body.
Your system is resistant to poisons. (rPois)
You cover ground very slowly.
You can spit poison.
You have a snake-like lower body.


Message History

There are monsters nearby!
A gnoll and a bat come into view.
Found a ring mail.
Found a stone staircase leading down.
The bat hits you but does no damage. The rat barely misses you.
There is an open door here.
You closely miss the bat. The bat hits you but does no damage.
The rat bites you.
You barely miss the bat. The bat hits you but does no damage.
The bat closely misses you. The rat closely misses you.
You hit the bat.
You kill the bat!
The rat closely misses you. The rat attacks as you move away!
The rat bites you. x2
You completely miss the rat. The rat bites you.
You closely miss the rat. The rat bites you.
The rat bites you but does no damage.
You are too injured to fight recklessly!
You hit the rat.
The rat is moderately wounded.
The rat bites you. The rat misses you.
You hit the rat but do no damage.
The rat is moderately wounded.
The rat bites you.
* * * LOW HITPOINT WARNING * * *
The rat barely misses you.
You closely miss the rat.
The rat is moderately wounded.
The rat bites you.
* * * LOW HITPOINT WARNING * * *
The rat bites you.
* * * LOW HITPOINT WARNING * * *
Casting: Magic Dart (safe; 3% risk of failure)
Confirm with . or Enter, or press ? or * to list all spells.
Aiming: Magic Dart (safe; 3% risk of failure)
Press: ? - help, Shift-Dir - straight line, f - rat
Aim: a rat (moderately wounded, 100% to hit)
The magic dart hits the rat.
You kill the rat!
The rat bites you.
You die...

##### # #...> ..
#....###.#
#....+.#.#
#.?.†#.#.#####
#....'........
#....#........
#[.g.#†r......
#....#@.......
######........
#.....#....
######.#####....
#..............#
#..........#.###
#..........#....
#.............#
#.............#


You could see a rat.

Vanquished Creatures
  A ball python (D:1)
  2 bats (D:1)
  A frilled lizard (D:1)
  A rat (D:1)
5 creatures vanquished.

Notes
Turn   | Place    | Note
-------+----------+-------------------------------------------
     0 | D:1      | hadoken the Naga Conjurer began the quest for the Orb.
     0 | D:1      | Reached XP level 1. HP: 15/15 MP: 3/3
   146 | D:1      | Slain by a rat

Illustrated notes

Levels and vault maps discovered:
D:1:      psy_arrival_radial01, layout_basic

Action                     || total
---------------------------++-------
  Melee: Short sword       ||    14
   Cast: Magic Dart        ||     3
 Armour: Robe              ||     4
  Dodge: Dodged            ||     9
